 Dungeon Crawl Stone Soup version 0.27-a0-54-g64bdb92e38 (webtiles) character file.

Game seed: 5007402015412986189

318 kae the Insei (level 6, -3/41 HPs)
             Began as an Octopode Transmuter on Jan 7, 2021.
             Slain by Pikel
             ... wielding a +0 whip of flaming
              (9 damage)
             ... on level 4 of the Dungeon.
             The game lasted 00:02:32 (3678 turns).

kae the Insei (Octopode Transmuter)                 Turns: 3678, Time: 00:02:33

Health: -3/41      AC:  1    Str: 11    XL:     6   Next: 45%
Magic:  0/10       EV: 17    Int: 15    God:
Gold:   127        SH:  0    Dex: 13    Spells: 7/11 levels left

rFire    . . .     SeeInvis .     - Unarmed
rCold    . . .     Faith    .   (no shield)
rNeg     . . .     Spirit   +   (helmet restricted)
rPois    .         Reflect  .   n - amulet of guardian spirit
rElec    .         Harm     .   a - +4 ring of evasion
rCorr    .         Rampage  .   m - ring of wizardry
Will     +....                  p - ring of willpower
Stlth    ++........             (no ring)
HPRegen  0.13/turn              (no ring)
MPRegen  0.12/turn              (no ring)
                                (no ring)
                                (no ring)

@: no status effects
A: almost no armour, stealthy swim, amphibious, 8 rings, constrict 8, camouflage
1, gelatinous body 1
a: no special abilities


You were on level 4 of the Dungeon.
You visited 1 branch of the dungeon, and saw 4 of its levels.

You collected 127 gold pieces.

Inventory:

Jewellery
 a - a +4 ring of evasion (left tentacle)
 d - an uncursed amulet of faith
 m - a ring of wizardry (right tentacle)
 n - an amulet of guardian spirit (around mantle)
 p - a ring of willpower (on tentacle)
Scrolls
 c - a scroll of identify
 i - a scroll of remove curse
Potions
 b - a potion of attraction
 e - 2 potions of brilliance
 f - 3 potions of heal wounds
 g - a potion of curing
 j - a potion of degeneration
 k - 3 potions of magic
 l - a potion of mutation
 o - a potion of haste
 q - a potion of berserk rage


   Skills:
 + Level 2.9 Fighting
 - Level 2.0 Dodging
 * Level 5.1 Unarmed Combat
 - Level 3.0 Spellcasting
 + Level 3.4 Transmutations


You had 7 spell levels left.
You knew the following spells:

 Your Spells              Type           Power        Failure   Level
a - Beastly Appendage     Tmut           24%          1%          1
b - Spider Form           Tmut/Pois      3%           12%         3

Your spell library contained the following spells:

 Spells                   Type           Power        Failure   Level
 Wereblood                Tmut           12%          3%          2
 Magic Dart               Conj           8%           9%          1
 Blink                    Tloc           N/A          12%         2
 Call Imp                 Summ           2%           12%         2
 Slow                     Hex            2%           12%         2
 Conjure Flame            Conj/Fire      2%           24%         3
 Mephitic Cloud           Conj/Pois/Air  2%           24%         3
 Ice Form                 Ice/Tmut       7%           36%         4
 Blade Hands              Tmut           6%           45%         5


Dungeon Overview and Level Annotations

Branches:
Dungeon (4/15)
 Temple: D:4-7

Altars:
Gozag
Kikubaaqudgha

Annotations:
D:4 Duvessa, Pikel, Sigmund


Innate Abilities, Weirdness & Mutations

You cannot wear most types of armour.
You are very stealthy in the water. (Stealth+)
You are amphibious.
You can wear up to eight rings at the same time.
You can use your tentacles to constrict eight enemies at once.
Your skin changes colour to match your surroundings (Stealth+).
Your rubbery body absorbs attacks. (AC +1, EV +1)


Message History

Pikel is heavily wounded.
You constrict Pikel.
Pikel hits you with a +0 whip of flaming!
Pikel burns you.
You tentacle-slap Pikel.
Pikel is severely wounded.
You constrict Pikel, but do no damage.
Pikel hits you with a +0 whip of flaming!
* * * LOW HITPOINT WARNING * * *
Pikel burns you.
* * * LOW HITPOINT WARNING * * *
You tentacle-slap Pikel but do no damage.
Pikel is almost dead.
You constrict Pikel. Pikel barely misses you.
You tentacle-slap Pikel but do no damage.
Your squeeze misses Pikel.
Pikel is almost dead.
You constrict Pikel, but do no damage.
Pikel hits you with a +0 whip of flaming!
You die...

#####...># ***
#...55...# *,,
#.######## ***+*
#.# *,,,, #5#
*,,,, #5# *,,,,
#5# *,,,, #K#
*,,,, #@# *,,,,
#.#*************+*
#..,,,,,,,,,,,,,,*
############******
#.......#,,,,,,
#.#############
#..............
###############


You could see Pikel (very poisoned) and 3 lemures.

Vanquished Creatures
  A lemure (D:4)
  A scorpion (D:3)
  Dowan (D:4)
  An orc priest (D:3)
  Terence (D:3)
  A hound skeleton (D:4)
  4 gnolls (D:2)
  3 adders
  A shadow imp (D:4)
  An ooze (D:3)
  3 worms
  A dart slug (D:2)
  4 leopard geckos
  5 orcs
  8 bats
  8 hobgoblins
  4 jackals (D:3)
  A ball python (D:4)
  2 frilled lizards (D:1)
  3 goblins
  3 kobolds
  8 rats
65 creatures vanquished.

Notes
Turn   | Place    | Note
-------+----------+-------------------------------------------
     0 | D:1      | kae the Octopode Transmuter began the quest for the Orb.
     0 | D:1      | Reached XP level 1. HP: 13/13 MP: 3/3
   520 | D:1      | Reached XP level 2. HP: 17/18 MP: 3/5
  1101 | D:2      | Reached XP level 3. HP: 20/23 MP: 6/6
  1855 | D:1      | Learned a level 3 spell: Spider Form
  1873 | D:2      | Reached XP level 4. HP: 27/29 MP: 1/7
  1985 | D:2      | Reached skill level 4 in Unarmed Combat
  2360 | D:3      | Reached XP level 5. HP: 23/34 MP: 7/9
  3079 | D:3      | Noticed Terence
  3091 | D:3      | Killed Terence
  3092 | D:3      | Reached XP level 6. HP: 41/41 MP: 7/10
  3164 | D:3      | Found an ancient bone altar of Kikubaaqudgha.
  3431 | D:4      | Noticed Sigmund
  3609 | D:4      | Found an opulent altar of Gozag.
  3617 | D:4      | Noticed Dowan
  3632 | D:4      | Killed Dowan
  3633 | D:4      | Reached skill level 5 in Unarmed Combat
  3634 | D:4      | Noticed Duvessa
  3644 | D:4      | Noticed Pikel
  3678 | D:4      | Slain by Pikel

Illustrated notes

Levels and vault maps discovered:
D:1:      lightli_arrival_chessboard, layout_basic
D:2:      layout_basic, minmay_vboxes
D:3:      layout_basic, kiku_gazebo_pond_becter, uniq_terence
D:4:      layout_basic, nicolae_gozag_cash_rules_everything_around_me,
          makhleb_blood_cavern_becter, uniq_sigmund, uniq_duvessa, uniq_pikel

Skill      XL: |  1  2  3  4  5  6 |
---------------+-------------------+-----
Unarmed Combat | 4 5 |  5.1
Fighting       | 2 |  2.9
Transmutations | 3 |  3.4
Spellcasting   | 3 |  3.0
Dodging        | |  2.0

Action                   |  1- 3 |  4- 6 || total
-------------------------+-------+-------++-------
Melee: Unarmed           |    61 |   115 ||   176
       Constrict         |    16 |    20 ||    36
       Kick              |    10 |    16 ||    26
       Tentacles         |     8 |    21 ||    29
       Punch             |     2 |     4 ||     6
 Cast: Beastly Appendage |    20 |    19 ||    39
       Spider Form       |     1 |     4 ||     5
  Use: Scroll            |       |    19 ||    19
 Stab: Sleeping          |     3 |     2 ||     5
Armor: Skin              |     6 |     4 ||    10
Dodge: Dodged            |    46 |    93 ||   139

Table legend: (Time is in decaauts)
 A = Elapsed time spent in this place.
 B = Non-inter-level travel time spent in this place.
 C = Inter-level travel time spent in this place.
 D = Time resting spent in this place.
 E = Time spent auto-exploring this place.
 F = Levels seen in this place.
 G = Mean time per level.
                   A        B        C        D        E       F      G
               +--------+--------+--------+--------+--------+-----+--------+
         Total |   3665 |   3631 |     34 |    202 |   2815 |   4 |  916.2 |
       Dungeon |   3665 |   3631 |     34 |    202 |   2815 |   4 |  916.2 |
               +--------+--------+--------+--------+--------+-----+--------+

Top non-repeatable levels by time:
     D:2: 1313 daAuts
     D:1: 947 daAuts
     D:3: 929 daAuts
     D:4: 475 daAuts
